 Dungeon Crawl Stone Soup version 0.28.0-53-g5a82cb258f (webtiles) character file.

Game seed: 6950679591429715953

28 issech the Chopper (level 2, -6/27 HPs)
             Began as a Minotaur Monk on May 23, 2022.
             Killed by divine providence
             ... invoked by an orc priest
              (15 damage)
             ... on level 3 of the Dungeon.
             The game lasted 00:04:40 (1515 turns).

issech the Chopper (Minotaur Monk)                  Turns: 1515, Time: 00:04:40

Health: -6/27      AC:  5    Str: 15    XL:     2   Next: 96%
Magic:  1/1        EV: 11    Int:  7    God:
Gold:   55         SH:  0    Dex: 12    Spells: 1/1 levels left

rFire   . . .      SeeInvis .   c - +1 mace (protect)
rCold   . . .      Faith    .   (no shield)
rNeg    . . .      Spirit   .   s - +0 ring mail
rPois   .          Reflect  .   (helmet restricted)
rElec   .          Harm     .   (no cloak)
rCorr   .          Rampage  .   (no gloves)
Will    +....                   (no boots)
Stlth   +.........              A - amulet of regeneration
HPRegen 0.89/turn               x - ring of flight
MPRegen 0.07/turn               k - ring of willpower

@: flying
A: horns 2, retaliatory headbutt
a: no special abilities


You were on level 3 of the Dungeon.
You visited 1 branch of the dungeon, and saw 3 of its levels.

You collected 55 gold pieces.

Inventory:

Hand Weapons
 a - a +0 hand axe
 c - a +1 mace of protection (weapon)
 f - a +0 quick blade
 h - a +0 hunting sling
 w - a +0 club
 y - a +0 short sword
 B - a +0 mace
Missiles
 g - 3 javelins (quivered)
 j - 23 arrows
 n - 35 stones
 r - 14 sling bullets
Armour
 b - a +0 robe
 s - a +0 ring mail (worn)
 u - an orb of light
Jewellery
 e - a +6 ring of intelligence
 k - a ring of willpower (right hand)
 p - a ring of magical power
 x - a ring of flight (left hand)
 A - an amulet of regeneration (around neck)
Scrolls
 d - a scroll of vulnerability {unknown}
 i - 2 scrolls of immolation {unknown}
 m - 3 scrolls of identify {unknown}
 t - a scroll of silence {unknown}
 v - a scroll of magic mapping {unknown}
Potions
 l - 2 potions of heal wounds {unknown}
 o - a potion of curing {unknown}
 q - a potion of brilliance {unknown}
 z - 2 potions of mutation {unknown}


   Skills:
 + Level 4.0 Fighting
 + Level 4.2 Axes
 + Level 0.9(2.7) Maces & Flails
 + Level 3.6 Dodging
 + Level 1.7 Stealth


You had one spell level left.
You didn't know any spells.
Your spell library was empty.

Dungeon Overview and Level Annotations

Branches:
Dungeon (3/15)

Altars:


Innate Abilities, Weirdness & Mutations

You have a pair of horns on your head.
You reflexively headbutt those who attack you in melee.


Message History

Your weapon exudes an aura of protection.
Your headbutt misses the orc.
The orc is almost dead.
The orc hits you but does no damage.
You completely miss the orc.
The orc is almost dead.
The orc priest begins to cast a cantrip, but forgets the words!
The orc hits you but does no damage.
You hit the orc.
The orc is almost dead.
The orc barely misses you. The orc hits you but does no damage.
An orc comes into view. It is wielding a +0 club.
The orc closely misses you.
You closely miss the orc.
The orc is severely wounded.
The orc shouts!
The orc priest calls down the wrath of Beogh upon you.
Beogh smites you!
Ouch! That really hurt!
The orc barely misses you. The orc completely misses you.
You hit the orc.
You kill the orc!
The orc hits you with a +0 whip. The orc priest closely misses you.
You furiously retaliate!
You headbutt the orc priest! The orc barely misses you.
You closely miss the orc priest.
The orc priest is heavily wounded.
The orc priest hits you but does no damage.
The orc hits you but does no damage.
You closely miss the orc priest.
The orc priest is heavily wounded.
The orc priest hits you with a +0 short sword.
* * * LOW HITPOINT WARNING * * *
The orc hits you but does no damage.
You barely miss the orc priest.
The orc priest is heavily wounded.
The orc priest mumbles some strange prayers to Beogh against you.
Beogh smites you!
Ouch! That really hurt!
You die...

#. #.# # #.# #. #.# ####
#.### #.# ####.. #.... #.#
#>.... #....
#.####.##.#######
#...##+#+#o.....<#........
#.....@o.###..#..#...
#.....o..'.......#.####
#........###...........
########........#
#....†..####
...........######
#....#### ############
#....#....# ....
#....#.#..#.....#
####....#.##.#.....#
......<.#...........


You could see an orc priest and 2 orcs.

Vanquished Creatures
  An orc (D:3)
  3 ball pythons
  A bat (D:2)
  An endoplasm (D:2)
  3 giant cockroaches
  A goblin (D:2)
  A hobgoblin (D:1)
  4 jackals (D:1)
  3 quokkas
  A frilled lizard (D:3)
  2 kobolds
21 creatures vanquished.

Notes
Turn   | Place    | Note
-------+----------+-------------------------------------------
     0 | D:1      | issech the Minotaur Monk began the quest for the Orb.
     0 | D:1      | Reached XP level 1. HP: 19/19 MP: 0/0
   462 | D:1      | Reached XP level 2. HP: 27/27 MP: 1/1
   471 | D:1      | Found a faded altar of an unknown god.
  1515 | D:3      | Killed from afar by an orc priest

Illustrated notes

Levels and vault maps discovered:
D:1:      minmay_arrival_solitary_statue, layout_rooms,
          hellmonk_ecumenical_altar_dog_temple
D:2:      layout_loops_ring, columned_hall_lemuel
D:3:      layout_basic, minmay_increasing_density, uniq_sigmund, uniq_natasha,
          uniq_ijyb, uniq_grinder

Skill      XL: |  1  2 |
---------------+-------+-----
Axes           | 4 |  4.2
Fighting       | 4 |  4.0
Maces & Flails | |  0.9
Dodging        | |  3.6
Stealth        | |  1.7

Action                   || total
-------------------------++-------
Melee: Mace              ||    49
       Headbutt          ||     6
 Stab: Sleeping          ||     1
Armor: Robe              ||     7
       Ring mail         ||    11
Dodge: Dodged            ||    37
